 Dungeon Crawl Stone Soup version 0.23.2-33-g5129a83184 (webtiles) character file.

Game seed: 440125198962620564

126 raph the Magician (level 4, 0/24 HPs)
             Began as a Deep Elf Wizard on July 1, 2019.
             Was an Initiate of Sif Muna.
             Slain by a gnoll
             ... wielding a +0 halberd
              (10 damage)
             ... on level 3 of the Dungeon.
             The game lasted 00:09:31 (3190 turns).

raph the Magician (Deep Elf Wizard)                 Turns: 3190, Time: 00:09:32

Health: 0/24       AC:  2    Str:  4    XL:     4   Next: 83%
Magic:  2/13       EV: 12    Int: 24    God:    Sif Muna [......]
Gold:   128        SH:  0    Dex: 13    Spells: 3/14 levels left

rFire    . . .     SeeInvis .   c - +0 short sword
rCold    . . .     Gourm    .   (no shield)
rNeg     . . .     Faith    .   a - +0 robe
rPois    .         Spirit   .   b - +0 hat
rElec    .         Reflect  .   (no cloak)
rCorr    .         Harm     .   (no gloves)
MR       .....                  (no boots)
Stlth    ++........             (no amulet)
HPRegen  0.08/turn              (no ring)
MPRegen  0.13/turn              (no ring)

@: heavily drained
A: no striking features
a: Renounce Religion


You were on level 3 of the Dungeon.
You worshipped Sif Muna.
Sif Muna was noncommittal.
You were not hungry.

You visited 1 branch of the dungeon, and saw 3 of its levels.

You collected 128 gold pieces.

Inventory:

Hand Weapons
 c - a +0 short sword (weapon)
Missiles
 h - 7 javelins of penetration (quivered)
Armour
 a - a +0 robe (worn)
 b - a +0 hat (worn)
Scrolls
 f - 2 scrolls of enchant armour {unknown}
 i - 2 scrolls of magic mapping {unknown}
 j - 2 scrolls of immolation {unknown}
 k - 3 scrolls of teleportation {unknown}
 l - a scroll of enchant weapon {unknown}
 m - a scroll of amnesia {unknown}
 o - a scroll of remove curse {unknown}
 q - a scroll of identify {unknown}
 r - a scroll of random uselessness {unknown}
Potions
 e - a potion of berserk rage {unknown}
 g - 3 potions of curing {unknown}
 p - a potion of ambrosia {unknown}
Comestibles
 d - 5 rations


   Skills:
 - Level 2.4(1.0) Dodging
 - Level 2.4(1.0) Stealth
 + Level 5.6(4.1) Spellcasting
 * Level 4.3(2.8) Conjurations
 - Level 1.1(0.0) Summonings
 - Level 1.1(0.0) Translocations


You had 3 spell levels left.
You knew the following spells:

 Your Spells              Type           Power        Failure   Level  Hunger
a - Magic Dart            Conj           ###.         3%          1    None
b - Blink                 Tloc           N/A          14%         2    #......
c - Call Imp              Summ           #.......     14%         2    #......
d - Conjure Flame         Conj/Fire      ##......     16%         3    ##.....
e - Mephitic Cloud        Conj/Pois/Air  #.......     21%         3    ##.....

Your spell library contained the following spells:

 Spells                   Type           Power        Failure   Level  Hunger
 Slow                     Hex            #.......     14%         2    #......


Dungeon Overview and Level Annotations

Branches:
Dungeon (3/15)

Altars:
Cheibriados
Sif Muna
Xom


Message History

The hound bites you. The hound misses you.
All of the chunks of flesh in your inventory have rotted away.
Casting: Magic Dart (safe; 3% risk of failure)
Confirm with . or Enter, or press ? or * to list all spells.
Aiming: Magic Dart (safe; 3% risk of failure)
Press: ? - help, Shift-Dir - straight line, f/p - hound
Aim: a hound (moderately wounded)
The magic dart hits the hound but does no damage.
The hound is moderately wounded.
The hound barely misses you. The hound bites you but does no damage.
Casting: Magic Dart (safe; 3% risk of failure)
Confirm with . or Enter, or press ? or * to list all spells.
Aiming: Magic Dart (safe; 3% risk of failure)
Press: ? - help, Shift-Dir - straight line, f/p - hound
Aim: a hound (moderately wounded)
The magic dart hits the hound.
The hound is heavily wounded.
The gnoll seems less confused.
The gnoll hits you from afar with a +0 halberd!
You die...

#..# #.(# #..# #..#
(..# .# ### #..# #..#
## ..# #.## #.[#.###.#
..## #g.#.#'# .).#
#@h#.### ...# #.#....#
...# ###..#.# ...##
####.#
....#################.#
................).....#
.)..###################
....# ....#


You could see a hound and a gnoll.

Vanquished Creatures
  Terence (D:2)
  3 adders (D:2)
  2 oozes
  2 worms (D:2)
  A leopard gecko (D:1)
  An orc (D:2)
  A ball python (D:2)
  2 bats (D:3)
  6 giant cockroaches
  3 goblins
  8 hobgoblins
  10 kobolds
  2 quokkas (D:3)
  5 frilled lizards
  7 rats
54 creatures vanquished.

Vanquished Creatures (collateral kills)
  A gnoll (D:3)
  A worm (D:2)
  A hobgoblin (D:2)
3 creatures vanquished.

Grand Total: 57 creatures vanquished

Notes
Turn   | Place    | Note
-------+----------+-------------------------------------------
     0 | D:1      | raph the Deep Elf Wizard began the quest for the Orb.
     0 | D:1      | Reached XP level 1. HP: 10/10 MP: 7/7
   151 | D:1      | Reached XP level 2. HP: 15/15 MP: 6/9
   384 | D:1      | Learned a level 2 spell: Blink
   387 | D:1      | Learned a level 2 spell: Call Imp
   534 | D:1      | Found a hide-covered altar of Uskayaw.
   536 | D:1      | Found a shimmering altar of Xom.
   536 | D:1      | Found a hide-covered altar of Uskayaw.
   538 | D:1      | Found an ornate altar of the Wu Jian Council.
   538 | D:1      | Found an opulent altar of Gozag.
   538 | D:1      | Found a stormy altar of Qazlal.
  1422 | D:2      | Reached XP level 3. HP: 19/19 MP: 7/11
  1426 | D:2      | Reached skill level 5 in Spellcasting
  1713 | D:2      | Noticed Terence
  1720 | D:2      | Learned a level 3 spell: Conjure Flame
  1724 | D:2      | Learned a level 3 spell: Mephitic Cloud
  1752 | D:2      | Killed Terence
  1947 | D:2      | Reached XP level 4. HP: 24/24 MP: 7/13
  2419 | D:2      | Found a deep blue altar of Sif Muna.
  2422 | D:2      | Became a worshipper of Sif Muna the Loreminder
  2454 | D:3      | Found a snail-covered altar of Cheibriados.
  3190 | D:3      | Slain by a gnoll

Skill      XL: |  1  2  3  4 |
---------------+-------------+-----
Conjurations   | 2 3 4 |  4.3
Spellcasting   | 5 |  5.6
Dodging        | |  2.4
Stealth        | |  2.4
Summonings     | |  1.1
Translocations | |  1.1

Action                   |  1- 3 |  4- 6 || total
-------------------------+-------+-------++-------
Melee: Short sword       |    31 |    12 ||    43
 Cast: Magic Dart        |    73 |    67 ||   140
       Call Imp          |     3 |     2 ||     5
       Mephitic Cloud    |     1 |     2 ||     3
       Conjure Flame     |     1 |       ||     1
       Blink             |       |     1 ||     1
 Stab: Sleeping          |     1 |       ||     1
  Eat: Chunk             |     3 |     4 ||     7
Armor: Robe              |     5 |     9 ||    14
Dodge: Dodged            |    25 |    16 ||    41
